 Dungeon Crawl Stone Soup version 0.28-a0-973-ga7f8b01127 (webtiles) character file.

Game seed: 7059507407128686588

277 cheechan the Chiller (level 6, -3/55 HPs)
             Began as an Octopode Ice Elementalist on Dec 1, 2021.
             Slain by a phantom (6 damage)
             ... on level 4 of the Dungeon.
             The game lasted 00:14:40 (4050 turns).

cheechan the Chiller (Octopode Ice Elementalist)    Turns: 4050, Time: 00:14:41

Health: -3/55      AC: 23    Str:  8    XL:     6   Next: 25%
Magic:  6/11       EV:  2    Int: 19    God:
Gold:   114        SH:  0    Dex: 12    Spells: 8/12 levels left

rFire   . . .      SeeInvis .   n - +3 quarterstaff (chaos)
rCold   . . .      Faith    .   (shield currently unavailable)
rNeg    . . .      Spirit   .   (helmet currently unavailable)
rPois   +          Reflect  .   (no amulet)
rElec   .          Harm     .   (no ring)
rCorr   .          Rampage  .   (no ring)
Will    .....      NoTele   +   (no ring)
Stlth   ++........              (no ring)
HPRegen 0.18/turn               (no ring)
MPRegen 0.12/turn               (no ring)
                                (no ring)
                                (no ring)

@: tree-form
A: stationary, stasis, torment immunity, boosted hp, almost no armour,
(amphibious), 8 rings, (camouflage 1), (gelatinous body 1), (nimble swimmer 1),
(tentacles)
a: no special abilities


You were on level 4 of the Dungeon.
You were a tree.
You visited 1 branch of the dungeon, and saw 4 of its levels.

You collected 114 gold pieces.

Inventory:

Hand Weapons
 h - a +0 great sword
 n - a +3 quarterstaff of chaos (weapon)
 o - a +0 vorpal hunting sling
 s - a +1 dagger of electrocution
 t - a +0 vampiric trident
Missiles
 b - 42 bolts
 c - 11 poisoned darts
 i - 24 arrows
 j - 3 curare-tipped darts
 p - 20 sling bullets
 u - 2 boomerangs (quivered)
Wands
 l - a wand of flame (6)
 q - a wand of paralysis (4)
 w - a wand of iceblast (7)
Scrolls
 a - a scroll of noise
 v - a scroll of enchant armour {unknown}
Potions
 d - 3 potions of flight
 e - a potion of lignification
 f - a potion of berserk rage {unknown}
 g - a potion of degeneration {unknown}
 k - 2 potions of might {unknown}
 m - a potion of cancellation {unknown}
 r - 2 potions of attraction {unknown}


   Skills:
 + Level 0.7 Fighting
 + Level 0.7(0.9) Short Blades
 + Level 0.5(0.8) Long Blades
 + Level 1.2 Staves
 + Level 2.3 Dodging
 + Level 4.0 Stealth
 + Level 3.5 Spellcasting
 + Level 5.3 Ice Magic
 + Level 0.8 Evocations


You had 8 spell levels left.
You knew the following spells:

 Your Spells              Type           Power      Damage    Failure   Level
a - Freeze                Ice            92%        1d10      1%          1
b - Frozen Ramparts       Ice            46%        1d6       4%          3

Your spell library contained the following spells:

 Spells                   Type           Power      Damage    Failure   Level
 Ozocubu's Armour         Ice            23%        N/A       4%          3
 Hailstorm                Conj/Ice       13%        3d5       43%         4


Dungeon Overview and Level Annotations

Branches:
Dungeon (4/15)
 Temple: D:4-7

Altars:

Shops:
D:2 =   D:3 (


Innate Abilities, Weirdness & Mutations

You are a tree.
Your roots penetrate the ground, keeping you stationary.
You cannot be teleported.
You are immune to unholy pain and torment.
Your maximum health is greatly increased.
You cannot wear most types of armour.
((You are amphibious.))
You can wear up to eight rings at the same time.
((Your skin changes colour to match your surroundings (Stealth+).))
((Your rubbery body absorbs attacks. (AC +1, EV +1)))
((You are camouflaged near water. (Stealth+)))
((You have tentacles for arms and can constrict up to eight enemies at once.))


Message History

Unknown command.
Casting: Freeze (safe; 1% risk of failure)
Confirm with . or Enter, or press ? or * to list all spells.
Aiming: Freeze (safe; 1% risk of failure)
Press: ? - help, Shift-Dir - straight line, f/p - phantom
Aim: a phantom (lightly damaged)
You freeze the phantom.
The phantom resists.
The phantom is lightly damaged.
The phantom closely misses you.
Unknown command.
You barely miss the phantom.
The phantom is lightly damaged.
The phantom hits you!
* * * LOW HITPOINT WARNING * * *
The phantom blinks!
You blink.
You thump the phantom!
The phantom resists with almost no effort.
Your squeeze misses the phantom.
The phantom is heavily damaged.
The phantom closely misses you.
You hit the phantom. Your squeeze misses the phantom.
The phantom is severely damaged.
The phantom closely misses you.
You miss the phantom. Your squeeze misses the phantom.
The phantom is severely damaged.
The phantom closely misses you. The phantom barely misses you.
You barely miss the phantom.
The phantom is severely damaged.
The phantom barely misses you.
You hit the phantom. You burn the phantom.
The phantom is severely damaged.
The phantom hits you!
* * * LOW HITPOINT WARNING * * *
Really quaff the potion of lignification?
You turn into a tree.
Your roots penetrate the ground.
The phantom hits you but does no damage.
You hit the phantom.
The phantom suddenly seems more agile.
The phantom is almost destroyed.
The phantom hits you.
You die...

.##............
.................
###..............
##.............
#.............
##............
#............
##...........
#...♣.......
##...W.....#
###########


You could see a phantom (agile).

Vanquished Creatures
  Crazy Yiuf (D:2)
  An orc priest (D:3)
  Ijyb (D:2)
  Natasha (thrice) (D:3)
  An orc wizard (D:3)
  2 adders (D:3)
  An adder skeleton (D:2)
  A dart slug (D:2)
  A worm (D:2)
  10 orcs (D:3)
  2 endoplasms
  4 giant cockroaches
  9 goblins
  3 hobgoblins
  2 quokkas
  5 ball pythons
  4 bats
  4 frilled lizards
  5 kobolds
  4 rats
64 creatures vanquished.

Notes
Turn   | Place    | Note
-------+----------+-------------------------------------------
     0 | D:1      | cheechan the Octopode Ice Elementalist began the quest for
                  | the Orb.
     0 | D:1      | Reached XP level 1. HP: 11/11 MP: 3/3
     6 | D:1      | Found a faded altar of an unknown god.
   131 | D:1      | Reached XP level 2. HP: 10/17 MP: 0/5
   562 | D:1      | You fall into a shaft and drop 1 floor!
  1300 | D:2      | Reached XP level 3. HP: 21/21 MP: 3/6
  1312 | D:2      | Learned a level 3 spell: Frozen Ramparts
  1538 | D:2      | Found Xota's Jewellery Shop.
  1602 | D:2      | Found a runed translucent door.
  1603 | D:2      | Noticed Crazy Yiuf
  1609 | D:2      | Killed Crazy Yiuf
  1610 | D:2      | Reached XP level 4. HP: 5/27 MP: 1/8
  2024 | D:2      | Noticed Ijyb
  2037 | D:2      | Killed Ijyb
  2038 | D:2      | Reached skill level 5 in Ice Magic
  2259 | D:3      | Reached XP level 5. HP: 9/31 MP: 4/9
  2675 | D:3      | Noticed Natasha
  2680 | D:3      | Killed Natasha
  3298 | D:3      | Reached XP level 6. HP: 29/37 MP: 11/11
  3660 | D:3      | Noticed Natasha
  3675 | D:3      | Killed Natasha
  3676 | D:3      | Reached skill level 1 in Staves
  3866 | D:3      | Found Vummelad's Weapon Emporium.
  3994 | D:3      | Noticed Natasha
  3999 | D:3      | Killed Natasha
  4050 | D:4      | Slain by a phantom

Illustrated notes

Levels and vault maps discovered:
D:1:      grunt_arrival_lava_bath, layout_basic, basic_ecumenical_altar,
          corexii_corridor_pit, wander_ebering_terrifying_dragon_lair
D:2:      kennysheep_the_goblin_king, layout_rooms, serial_shops,
          nicolae_square_shop, corexii_corridor_pit, uniq_crazy_yiuf_cottage
D:3:      layout_basic, serial_shops, nicolae_shop_crystal, uniq_natasha
D:4:      layout_cave_pods, ebering_ghost_reflecting_pool

Skill      XL: |  1  2  3  4  5  6 |
---------------+-------------------+-----
Stealth        | 3 4 |  4.0
Ice Magic      | 5 |  5.3
Spellcasting   | 3 |  3.5
Staves         | 1 |  1.2
Fighting       | |  0.7
Short Blades   | |  0.7
Long Blades    | |  0.5
Dodging        | |  2.3
Evocations     | |  0.8

Action                   |  1- 3 |  4- 6 || total
-------------------------+-------+-------++-------
Melee: Dagger            |    14 |       ||    14
       Constrict         |     8 |     5 ||    13
       Unarmed           |     1 |       ||     1
       Great sword       |     5 |       ||     5
       Tentacles         |     3 |     1 ||     4
       Quarterstaff      |       |    32 ||    32
Throw: Boomerang         |       |     2 ||     2
 Cast: Freeze            |    29 |    24 ||    53
       Frozen Ramparts   |     1 |     2 ||     3
Evoke: Wand              |       |     6 ||     6
  Use: Scroll            |     5 |     1 ||     6
       Potion            |       |     2 ||     2
 Stab: Sleeping          |     1 |     3 ||     4
       Distracted        |     1 |       ||     1
Armor: Skin              |     2 |     2 ||     4
Dodge: Dodged            |    29 |    42 ||    71

Table legend: (Time is in decaauts)
 A = Elapsed time spent in this place.
 B = Non-inter-level travel time spent in this place.
 C = Inter-level travel time spent in this place.
 D = Time resting spent in this place.
 E = Time spent auto-exploring this place.
 F = Levels seen in this place.
 G = Mean time per level.
                   A        B        C        D        E       F      G
               +--------+--------+--------+--------+--------+-----+--------+
         Total |   4061 |   4061 |      0 |    946 |      0 |   4 | 1015.2 |
       Dungeon |   4061 |   4061 |      0 |    946 |      0 |   4 | 1015.2 |
               +--------+--------+--------+--------+--------+-----+--------+

Top non-repeatable levels by time:
     D:3: 1813 daAuts
     D:1: 1229 daAuts
     D:2: 1004 daAuts
     D:4: 15 daAuts
